 Dungeon Crawl Stone Soup version 0.30-a0-919-g9323dee000 (webtiles) character file.

Game seed: 11005596017017409834

42 Aequonox the Conjurer (level 3, -3/24 HPs)
             Began as a Human Conjurer on Mar 21, 2023.
             Was a Follower of Trog.
             Slain by a worm (9 damage)
             ... on level 3 of the Dungeon.
             The game lasted 00:02:10 (1979 turns).

Aequonox the Conjurer (Human Conjurer)              Turns: 1979, Time: 00:02:10

Health: -3/24      AC:  3    Str:  7    XL:     3   Next: 80%
Magic:  6/6        EV: 12    Int: 20    God:    Trog [*.....]
Gold:   116        SH:  0    Dex: 11    Spells: 6/7 levels left

rFire   . . .      SeeInvis .    e - +0 hand axe (venom)
rCold   . . .      Faith    .    (no shield)
rNeg    . . .      Spirit   .    a - +0 robe
rPois   .          Reflect  .    (no helmet)
rElec   .          Rampage  .    (no cloak)
rCorr   .                        (no gloves)
Will    .....                    d - +0 pair of boots
Stlth   ++                       (no amulet)
HPRegen 0.24/turn                (no ring)
MPRegen 0.10/turn                (no ring)

@: no status effects
A: no striking features
a: Renounce Religion, Berserk


You were on level 3 of the Dungeon.
You worshipped Trog.
Trog was aware of your devotion.
You visited 1 branch of the dungeon, and saw 3 of its levels.

You collected 116 gold pieces.

Inventory:

Hand Weapons
 e - a +0 hand axe of venom (weapon)
Armour
 a - a +0 robe (worn)
 d - a +0 pair of boots (worn)
Scrolls
 g - 8 scrolls of identify {unknown}
 h - a scroll of magic mapping {unknown}
 i - 3 scrolls of silence {unknown}
 k - a scroll of summoning {unknown}
 l - a scroll of enchant weapon {unknown}
 m - a scroll of enchant armour {unknown}
Potions
 b - a potion of magic
 c - 2 potions of curing {unknown}
 f - a potion of haste {unknown}
 j - a potion of flight {unknown}


   Skills:
 + Level 2.5 Dodging
 + Level 2.6 Stealth
 - Level 2.5 Spellcasting
 - Level 4.2 Conjurations


You had 6 spell levels left.
You knew the following spells:

 Your Spells              Type           Power      Damage    Failure   Level
a - Magic Dart            Conj           76%        1d6       2%          1

Your spell library contained the following spells:

 Spells                   Type           Power      Damage    Failure   Level
 Searing Ray              Conj           38%        2d5       3%          2
 Sandblast                Erth           4%         2d4       16%         1
 Dazzling Flash           Conj/Hex       22%        N/A       19%         3
 Stone Arrow              Conj/Erth      22%        3d8       19%         3
 Passwall                 Tmut/Erth      1%         N/A       22%         2
 Fulminant Prism          Conj/Hex       5%         3d6       52%         4
 Iskenderun's Mystic Bla  Conj/Tloc      11%        2d4       52%         4


Dungeon Overview and Level Annotations

Branches:
Dungeon (3/15)

Altars:
Trog


Message History

Search for what [? for help]? .
There is a stone staircase leading up here.
You climb upwards.
There is a stone staircase leading down here.
There is a faded altar of an unknown god here.
This altar belongs to (a) Okawaru, (b) Trog or (c) Ru, but you can't tell which.
Press the corresponding letter to learn more about a god, or press enter to convert or escape to cancel.
Trog accepts your prayer! Trog welcomes you!
You can now go berserk at will.
Why would you want to do that? Why would you want to do that?
Why would you want to do that? Why would you want to do that?
Why would you want to do that? Why would you want to do that?
There is a stone staircase leading down here.
Unknown command.
You climb downwards.
There is a stone staircase leading up here.
Unknown command.
Press: ? - help, v - describe, . - travel A stone staircase leading up.
There is a stone staircase leading down here.
You climb downwards.
Found a ring mail.
Found a stone staircase leading up.
There is a stone staircase leading up here.
A worm comes into view.
Found 15 gold pieces.
The worm barely misses you. The worm bites you! The worm closely misses you.
The worm bites you! The worm closely misses you. The worm bites you.
* * * LOW HITPOINT WARNING * * *
The worm barely misses you. The worm bites you.
* * * LOW HITPOINT WARNING * * *
The worm bites you!
You die...

. #### ... #..
#..# #.#
#.$..#<##
#...@w#
#......#......#
##..... .#..#..
....... ..<.#
##.##.. ......
#. #.. .......
[ ... ....#.#
### .....


You could see a worm.

Vanquished Creatures
  A gnoll (D:1)
  A worm (D:2)
  An orc (D:2)
  4 ball pythons
  2 endoplasms (D:1)
  5 giant cockroaches
  A goblin (D:2)
  4 hobgoblins
  2 bats (D:2)
  4 frilled lizards
  2 rats
27 creatures vanquished.

Notes
Turn   | Place    | Note
-------+----------+-------------------------------------------
     0 | D:1      | Aequonox the Human Conjurer began the quest for the Orb.
     0 | D:1      | Reached XP level 1. HP: 13/13 MP: 3/3
   225 | D:1      | Reached XP level 2. HP: 19/19 MP: 3/5
   625 | D:1      | Found a faded altar of an unknown god.
   769 | D:1      | Reached XP level 3. HP: 8/24 MP: 1/6
  1880 | D:1      | Prayed at the altar of an unknown god.
  1880 | D:1      | Became a worshipper of Trog the Wrathful
  1880 | D:1      | Reached * piety under Trog
  1979 | D:3      | Slain by a worm

Illustrated notes

Levels and vault maps discovered:
D:1:      evilmike_arrival_crescent, layout_rooms,
          shapermc_ecumenical_altar_starsandcircs, chequers_jeans,
          nicolae_figureground_pulse
D:2:      layout_loops_ring, hangedman_decor_opposing
D:3:      layout_rooms, mainiacjoe_overflow_alcove_4, xom_butterflies,
          uniq_crazy_yiuf_cottage

Action                     || total
---------------------------++-------
  Melee: Unarmed           ||    16
         Hand axe          ||     4
   Cast: Magic Dart        ||    59
 Armour: Robe              ||     6
  Dodge: Dodged            ||    19

Table legend: (Time is in decaauts)
 A = Elapsed time spent in this place.
 B = Non-inter-level travel time spent in this place.
 C = Inter-level travel time spent in this place.
 D = Time resting spent in this place.
 E = Time spent auto-exploring this place.
 F = Levels seen in this place.
 G = Mean time per level.
                   A        B        C        D        E       F      G
               +--------+--------+--------+--------+--------+-----+--------+
         Total |   1981 |   1814 |    167 |      0 |   1605 |   3 |  660.3 |
       Dungeon |   1981 |   1814 |    167 |      0 |   1605 |   3 |  660.3 |
               +--------+--------+--------+--------+--------+-----+--------+

Top non-repeatable levels by time:
     D:1: 1109 daAuts
     D:2: 853 daAuts
     D:3: 19 daAuts
